Map: Givre EC

Players

zidar - Winner!

  • Race: Zerg Zerg
  • League: Gold
  • Spawn Location: 5:00

Dantrox

  • Race: Protoss Protoss
  • League: Silver
  • Spawn Location: 11:00

VOD

Have the link to the VOD?

Description

Time

  • Played on: May 31, 2016, 9:42 a.m.
  • Length: 12:05
Show
View Real Time Build Order
Export as new Build Order

zidar Zerg - Winner!

Build Orders: Hatch First 

Get SALT Encoding   

  12  0:01  Drone  
  13  0:13  Overlord  
  13  0:17  Drone  
  14  0:24  Extractor, Drone  
  15  0:31  Drone  
  15  0:34  Drone  
  17  0:58  Hatchery  
  17  0:59  Drone  
  17  1:04  Extractor, Drone  
  17  1:28  Spawning Pool  
  17  1:30  Drone  
  17  1:31  Drone  
  18  1:46  Drone x2  
  20  1:54  Overlord  
  20  2:14  Queen, Drone  
  23  2:16  Queen  
  23  2:21  Metabolic Boost  
  25  2:27  Zergling x2  
  26  2:38  Drone x3  
  29  2:58  Drone x5  
  33  3:24  Pneumatized Carapace  
  33  3:27  Extractor  
  33  3:30  Extractor  
  33  3:33  Extractor  
  30  3:35  Zergling x12  
  30  3:38  Overlord x2  
  30  3:39  Overlord x2  
  36  3:57  Hatchery  
  36  4:02  Queen  
  37  4:07  Lair  
  30  5:16  Roach Warren  
  29  5:29  Zergling x10  
  29  5:30  Zergling x8  
  29  5:31  Zergling x2  
  29  5:34  Zergling x2  
  40  5:43  Spore Crawler  
  40  5:44  Spore Crawler  
  38  5:56  Queen  
  40  6:00  Drone x14  
  54  6:15  Hydralisk Den  
  53  6:36  Drone x3  
  53  7:03  Roach x7  
  57  7:51  Drone x8  
  57  7:52  Drone  
  65  8:13  Overlord  
  65  8:14  Overlord x3  
  65  8:23  Drone  
  66  8:29  Muscular Augments  
  66  8:31  Queen  
  66  8:50  Hydralisk  
  66  8:51  Hydralisk x13  
  92  9:05  Spore Crawler  
  89  9:12  Roach  
  89  9:13  Roach x3  
  97  9:21  Ravager  
  98  9:33  Overlord x2  
  98  9:34  Overlord x2  
  87  10:22  Roach x11  
  87  10:23  Roach x2  
  77  11:33  Hydralisk x15  
Show
View Real Time Build Order
Export as new Build Order

Dantrox Protoss 

Build Orders: 1 Gate Expand, Phoenix Opening 

Get SALT Encoding   

  12  0:01  Probe (Chrono Boost)  
  13  0:15  Probe (Chrono Boost)  
  13  0:20  Pylon  
  14  0:26  Probe (Chrono Boost)  
  15  0:30  Assimilator  
  15  0:38  Probe (Chrono Boost)  
  16  0:43  Gateway  
  16  0:49  Assimilator  
  16  0:51  Probe (Chrono Boost)  
  17  1:05  Probe (Chrono Boost)  
  18  1:21  Probe (Chrono Boost)  
  19  1:33  Nexus  
  19  1:36  Probe (Chrono Boost)  
  20  1:47  Probe (Chrono Boost)  
  21  1:51  Cybernetics Core  
  21  1:57  Assimilator  
  21  2:09  Pylon  
  21  2:21  Probe (Chrono Boost)  
  22  2:23  Pylon  
  22  2:26  Pylon  
  22  2:29  Warp Gate (Chrono Boost)  
  22  2:32  Mothership Core (Chrono Boost)  
  24  3:01  Stargate  
  24  3:04  Adept (Chrono Boost)  
  26  3:19  Gateway  
  26  3:20  Probe  
  26  3:22  Probe  
  26  3:25  Assimilator  
  28  3:27  Assimilator  
  28  3:31  Probe, Adept (Chrono Boost)  
  31  3:34  Probe  
  32  3:42  Probe  
  32  3:46  Phoenix (Chrono Boost)  
  35  3:49  Probe  
  35  3:54  Probe  
  37  3:56  Adept  
  37  4:01  Probe  
  40  4:09  Probe  
  41  4:14  Probe  
  42  4:21  Probe  
  42  4:22  Pylon  
  38  4:26  Probe  
  33  5:07  Adept x2  
  35  5:09  Phoenix  
  39  5:15  Pylon  
  39  5:16  Probe x2  
  41  5:28  Probe x2  
  43  5:31  Adept x2  
  47  5:37  Stargate  
  47  5:40  Probe  
  48  5:51  Probe  
  48  5:52  Probe  
  48  5:55  Phoenix (Chrono Boost)  
  52  6:03  Probe  
  53  6:04  Probe  
  54  6:15  Probe  
  55  6:20  Adept x2  
  59  6:42  Phoenix (Chrono Boost)  
  59  6:46  Phoenix (Chrono Boost)  
  59  7:21  Adept x2  
  61  7:43  Adept  
  61  7:44  Adept  
  53  7:51  Gateway x2  
  53  7:54  Gateway  
  53  7:58  Gateway x2  
  53  8:01  Gateway  
  53  8:04  Gateway  
  51  8:06  Gateway  
  51  8:08  Adept  
  51  8:09  Gateway, Adept  
  51  8:10  Pylon  
  51  8:12  Pylon  
  55  8:14  Probe, Pylon  
  55  8:15  Probe  
  57  8:20  Pylon  
  57  8:27  Probe  
  58  8:28  Nexus  
  58  8:30  Pylon  
  58  8:33  Pylon  
  58  8:50  Adept  
  58  8:51  Adept  
  62  8:59  Probe x2  
  64  9:08  Adept x6  
  76  9:28  Twilight Council  
  76  9:31  Probe x2  
  76  9:32  Twilight Council  
  78  9:43  Probe x2  
  80  9:58  Adept x5  
  72  10:16  Stalker  
  72  10:17  Stalker x2  
  65  10:37  Probe  
  66  10:45  Stalker x3  
  66  10:46  Stalker  
  66  10:48  Probe  
  66  10:49  Mothership Core (Chrono Boost)  
  66  10:58  Adept  
  66  10:59  Adept  
  58  11:08  Adept  
  58  11:15  Adept x2  
  57  11:20  Probe (Chrono Boost)  
  42  11:40  Stalker  
  42  11:41  Stalker  
  38  11:58  Stalker  
Tags
 
Add a new tag
Caveats
  • Supply blocks, unpowered buildings, or Contaminate may cause inaccurate times.
  • Supply counts are checked every 10 seconds.